 Dungeon Crawl Stone Soup version 0.20-a0-1122-gb7cbeb9 (webtiles) character file.

1144 MenacingMecha the Spear-Bearer (level 8, -12/56 HPs)
             Began as a Merfolk Skald on May 11, 2017.
             Mangled by a hornet (16 damage)
             ... on level 7 of the Dungeon.
             The game lasted 00:17:02 (6502 turns).

MenacingMecha the Spear-Bearer (Merfolk Skald)      Turns: 6502, Time: 00:17:02

Health: -12/56     AC:  6    Str: 13    XL:     8   Next: 37%
Magic:  0/11       EV: 19    Int: 14    God:
Gold:   352        SH:  0    Dex: 14    Spells: 1/11 levels left

rFire    . . .     SeeInvis .   D - +0 trident
rCold    . . .     Gourm    .   (no shield)
rNeg     . . .     Faith    .   s - +2 animal skin
rPois    .         Spirit   .   (helmet restricted)
rElec    .         Reflect  .   E - +1 cloak
rCorr    .         Harm     .   (no gloves)
MR       .....                  (no boots)
Stlth    +.........             (no amulet)
Regen    0.2/turn               m - +2 ring of intelligence
MPRegen  0.2/turn               y - +6 ring of evasion

@: lethally poisoned (-12 -> -28), very slightly contaminated
A: change form in water, swift swim, stealthy swim, antennae 1, evolution 1
a: no special abilities


You were on level 7 of the Dungeon.
You were not hungry.

You visited 1 branch of the dungeon, and saw 7 of its levels.

You collected 440 gold pieces.
You spent 88 gold pieces at shops.

Inventory:

Hand Weapons
 A - a +0 trident
   (You took it off a wight on level 6 of the Dungeon)
 C - a +0 trident
   (You took it off a wight on level 6 of the Dungeon)
 D - a +0 trident (weapon)
   (You took it off an orc on level 4 of the Dungeon)
Missiles
 h - 20 poisoned needles
 B - a throwing net
Armour
 a - a +0 ring mail
   (You took it off an orc on level 4 of the Dungeon)
 k - a +0 shield
   (You found it on level 1 of the Dungeon)
 r - a +0 helmet
   (You took it off Robin on level 2 of the Dungeon)
 s - a +2 animal skin (worn)
   (You took it off Robin on level 2 of the Dungeon)
 E - a +1 cloak (worn)
   (You found it on level 4 of the Dungeon)
Jewellery
 m - a +2 ring of intelligence (left hand)
   (You found it on level 1 of the Dungeon)
 y - a +6 ring of evasion (right hand)
   (You found it on level 3 of the Dungeon)
Wands
 v - a wand of lightning (7/15)
   (You found it on level 6 of the Dungeon)
 F - a wand of polymorph (8/24)
   (You bought it in a shop on level 4 of the Dungeon)
 I - a wand of lightning (15/15)
   (You found it on level 5 of the Dungeon)
 L - a wand of polymorph (12/24)
   (You found it on level 5 of the Dungeon)
Scrolls
 b - 4 scrolls of magic mapping
 e - 4 scrolls of fog
 f - a scroll of fear {unknown}
 l - a scroll of teleportation
 t - 2 scrolls of identify
 H - a scroll of remove curse
 J - a scroll of recharging
Potions
 j - 2 potions of cancellation
 n - a potion of mutation
 o - a potion of resistance {unknown}
 p - 2 potions of haste
 q - a potion of might
 u - a potion of lignification
 G - a potion of berserk rage {unknown}
Books
 c - a book of Battle
 x - a book of Cantrips
   (You found it on level 3 of the Dungeon)
Comestibles
 d - 3 bread rations
 i - 8 fruits
 w - 2 chunks of flesh
 z - 3 royal jellies
 K - 3 meat rations


   Skills:
 - Level 2.1 Fighting
 + Level 13.4 Polearms
 - Level 0.6 Armour
 - Level 2.6 Dodging
 - Level 2.0 Spellcasting
 - Level 3.2 Charms


You had one spell level left.
You knew the following spells:

 Your Spells              Type           Power        Failure   Level  Hunger
a - Infusion              Chrm           ##..         6%          1    ##.....
g - Apportation           Tloc           #.....       24%         1    ##.....
r - Regeneration          Chrm/Necr      #.........   36%         3    ####...
s - Shroud of Golubria    Chrm/Tloc      #.........   19%         2    ###....
z - Spectral Weapon       Hex/Chrm       #.......     36%         3    ####...


Dungeon Overview and Level Annotations

Branches:
Dungeon (7/15)
 Temple: D:4-7

Altars:
Hepliaklqana
Nemelex Xobeh

Shops:
D:4 *

Annotations:
D:2 Sigmund
D:3 Grinder
D:6 exclusion: jelly


Innate Abilities, Weirdness & Mutations

You revert to your normal form in water.
You are very nimble and swift while swimming.
You are very stealthy in the water. (Stealth+)
You have a pair of small antennae on your head.
You evolve.


Message History

Your spectral weapon closely misses the hungry ghost.
The hungry ghost misses you.
You miss the hungry ghost.
The hungry ghost is almost destroyed.
Your spectral weapon hits the hungry ghost!
You destroy the hungry ghost!
Eating one of 4 chunks of flesh.
You eat one of the 4 chunks of flesh.
This raw flesh tastes terrible.
You are feeling hungry.
Eating one of 3 chunks of flesh.
You eat one of the 3 chunks of flesh.
This raw flesh tastes terrible.
You swap places.
Found a stone staircase leading up.
Your spectral weapon fades away.
You now have 352 gold pieces (gained 13).
A hornet comes into view.
The hornet buzzes angrily.
Your magical contamination has completely faded away.
Casting: Spectral Weapon
Confirm with . or Enter, or press ? or * to list all spells.
You miscast Spectral Weapon.
You are very lightly contaminated with residual magic.
Your skin glows momentarily.
Casting: Spectral Weapon
Confirm with . or Enter, or press ? or * to list all spells.
You miscast Spectral Weapon.
Your skin tingles.
The hornet stings you.
You suddenly lose the ability to move!
You can move again.
Casting: Spectral Weapon
Confirm with . or Enter, or press ? or * to list all spells.
You don't have enough magic to cast that spell.
Casting: Spectral Weapon
Confirm with . or Enter, or press ? or * to list all spells.
You don't have enough magic to cast that spell.
You hit the hornet.
The hornet is lightly wounded.
The hornet stings you!
You feel yourself slow down.
You hit the hornet but do no damage.
The hornet is lightly wounded.
You feel yourself speed up.
The hornet stings you but does no damage.
The hornet stings you!
You feel yourself slow down.
You hit the hornet.
The hornet is lightly wounded.
The hornet stings you but does no damage.
You hit the hornet.
The hornet is moderately wounded.
You feel yourself speed up. The hornet stings you!
You are poisoned.
You feel yourself slow down.
You hit the hornet.
The hornet is moderately wounded.
You feel sick. The hornet barely misses you. The hornet stings you!
* * * LOW HITPOINT WARNING * * *
You feel as though you will be slow longer.
You feel better. The hornet completely misses you.
The hornet closely misses you.
Casting: Spectral Weapon
Confirm with . or Enter, or press ? or * to list all spells.
You draw out your weapon's spirit!
The hornet stings you but does no damage.
The hornet barely misses you.
You miss the hornet.
The hornet is moderately wounded.
You feel yourself speed up.
The hornet stings you but does no damage.
Your spectral weapon hits the hornet but does no damage.
The hornet barely misses you.
You hit the hornet but do no damage.
The hornet is moderately wounded.
Your spectral weapon completely misses the hornet.
The hornet stings you.
You are poisoned.
You suddenly lose the ability to move!
You feel sick. The hornet stings you!
* * * LOW HITPOINT WARNING * * *
You feel yourself slow down.
You can move again.
You puncture the hornet!
The hornet is heavily wounded.
You feel sick.
Your spectral weapon closely misses the hornet.
The hornet misses you. The hornet stings you.
* * * LOW HITPOINT WARNING * * *
You are more poisoned.
You shrug off the repeated paralysis!
You closely miss the hornet.
The hornet is heavily wounded.
You feel yourself speed up.
* * * LOW HITPOINT WARNING * * *
You feel sick.
Your spectral weapon misses the hornet.
The hornet closely misses you.
You hit the hornet.
The hornet is severely wounded.
* * * LOW HITPOINT WARNING * * *
You feel sick.
Your spectral weapon closely misses the hornet.
The hornet stings you!
You die...

......... #.......# #
.......# .. # ......#
+ ..##.####....# .. y.
..(#....# ...
...##.##.#(...# ....
.........y@...###.....
...###.#.##.......####
..................
####...#...##.#####
(... .....#...##+###
.... .#...#........#
.... #.#....[.......#
.... # #...#.#......#
.... #..<..#.##+###
....


You could see a hornet and a friendly spectral trident.

Vanquished Creatures
  A hungry ghost (D:7)
  A sky beast (D:6)
  A bullfrog (D:6)
  A scorpion (D:6)
  4 wights (D:6)
  A jelly (D:6)
  A hound (D:6)
  3 orc wizards
  3 orc priests
  2 iguanas
  A killer bee zombie (D:5)
  5 worker ants
  Robin (D:2)
  8 adders
  A shadow imp (D:5)
  An ooze (D:6)
  5 worms
  A dart slug (D:3)
  A leopard gecko (D:4)
  13 orcs
  2 ball pythons
  5 bats
  7 giant cockroaches
  16 goblins
  9 hobgoblins
  9 jackals
  8 kobolds
  5 quokkas
  3 frilled lizards
  A jackal skeleton (D:4)
  A leopard gecko skeleton (D:6)
  9 rats
130 creatures vanquished.

Notes
Turn   | Place    | Note
-------+----------+-------------------------------------------
     0 | D:1      | MenacingMecha the Merfolk Skald began the quest for the Orb.
     0 | D:1      | Reached XP level 1. HP: 16/16 MP: 3/3
   165 | D:1      | Reached skill level 4 in Polearms
   165 | D:1      | Reached XP level 2. HP: 19/22 MP: 5/5
   516 | D:1      | Reached skill level 5 in Polearms
   516 | D:1      | Reached XP level 3. HP: 23/27 MP: 6/6
  1246 | D:2      | Noticed Robin
  1832 | D:2      | Reached skill level 6 in Polearms
  1838 | D:2      | Reached XP level 4. HP: 28/33 MP: 7/7
  1879 | D:2      | Killed Robin
  2412 | D:2      | Noticed Sigmund
  2550 | D:2      | Reached skill level 7 in Polearms
  2657 | D:3      | Learned a level 2 spell: Shroud of Golubria
  2661 | D:3      | Learned a level 3 spell: Spectral Weapon
  3059 | D:3      | Noticed Grinder
  3212 | D:4      | Reached XP level 5. HP: 22/38 MP: 0/8
  3391 | D:4      | Reached skill level 8 in Polearms
  3551 | D:4      | Reached skill level 9 in Polearms
  3551 | D:4      | Reached XP level 6. HP: 42/44 MP: 5/9
  3921 | D:4      | Found Oxyoral's Assorted Antiques.
  3937 | D:4      | Bought a worn brass wand for 88 gold pieces
  3974 | D:4      | Reached skill level 10 in Polearms
  4340 | D:5      | Entered Level 5 of the Dungeon
  4686 | D:5      | Reached XP level 7. HP: 46/50 MP: 10/10
  5171 | D:5      | Learned a level 3 spell: Regeneration
  5173 | D:5      | Learned a level 1 spell: Apportation
  5177 | D:5      | Gained mutation: You have a pair of small antennae on your head. [potion of mutation]
  5177 | D:5      | Gained mutation: You evolve. [potion of mutation]
  5392 | D:6      | Found a sparkling altar of Nemelex Xobeh.
  5598 | D:6      | Reached skill level 11 in Polearms
  5634 | D:6      | HP: 11/50 [wight/trident (3)]
  5761 | D:6      | Reached skill level 12 in Polearms
  5843 | D:6      | Found a hazy altar of Hepliaklqana.
  5926 | D:6      | Reached XP level 8. HP: 48/56 MP: 11/11
  6376 | D:7      | Reached skill level 13 in Polearms
  6484 | D:7      | Noticed a hornet
  6488 | D:7      | Paralysed by a hornet for 1 turns
  6494 | D:7      | HP: 11/56 [hornet (8)]
  6498 | D:7      | Paralysed by a hornet for 1 turns
  6499 | D:7      | HP: 14/56 [hornet (7)]
  6501 | D:7      | HP: 5/56 [poisoned by a hornet]
  6502 | D:7      | Mangled by a hornet

Vault maps used:
D:1:      dpeg_arrival_court, kennysheep_pointless_box
D:2:      first_bread, uniq_sigmund, uniq_robin
D:3:      uniq_grinder
D:4:      serial_shops, shop_coins, hangedman_decor_peaks_small
D:6:      overflow_temple_1_default, minivault_22,
          nemelex_xobeh_ov_fountains_minmay
D:7:      minmay_temple_entry_junction_2, grunt_ogre_cave, minivault_19,
          minivault_5

Skill      XL: |  1  2  3  4  5  6  7  8 |
---------------+-------------------------+-----
Polearms       | 4 5 6 7 9 10 12 13 | 13.4
Fighting       | |  2.1
Armour         | |  0.6
Dodging        | |  2.6
Spellcasting   | |  2.0
Charms         | |  3.2

Action                   |  1- 3 |  4- 6 |  7- 9 || total
-------------------------+-------+-------+-------++-------
Melee: Spear             |   190 |   230 |       ||   420
       Trident           |       |    59 |   130 ||   189
 Cast: Infusion          |     2 |     8 |     3 ||    13
       Spectral Weapon   |       |     3 |     6 ||     9
  Use: Scroll            |       |       |    12 ||    12
       Potion            |       |       |     8 ||     8
 Stab: Distracted        |       |     1 |       ||     1
       Sleeping          |       |       |     3 ||     3
  Eat: Chunk             |     3 |     9 |     9 ||    21
Armor: Leather armour    |    32 |     1 |       ||    33
       Animal skin       |       |    28 |    21 ||    49
Dodge: Dodged            |   135 |   152 |    74 ||   361

Vault maps used:
D:1:      dpeg_arrival_court, kennysheep_pointless_box
D:2:      first_bread, uniq_sigmund, uniq_robin
D:3:      uniq_grinder
D:4:      serial_shops, shop_coins, hangedman_decor_peaks_small
D:6:      overflow_temple_1_default, minivault_22,
          nemelex_xobeh_ov_fountains_minmay
D:7:      minmay_temple_entry_junction_2, grunt_ogre_cave, minivault_19,
          minivault_5

Table legend:
 A = Turns spent in this place as a percentage of turns spent in the entire game.
 B = Non-inter-level travel turns spent in this place as a percentage of non-inter-level travel turns spent in the entire game.
 C = Inter-level travel turns spent in this place as a percentage of turns spent in this place.
 D = Turns resting spent in this place as a percentage of non-inter-level travel turns spent in this place.
 E = Turns spent auto-exploring this place as a percentage of non-inter-level travel turns spent in this place.
 F = Non-inter-level travel turns spent in this place divided by the number of levels of this place that you've seen.
                   A       B       C       D       E      F
               +-------+-------+-------+-------+-------+----------------------
         Total | 100.0 | 100.0 |   0.7 |   4.8 |   7.6 | 254.1
       Dungeon | 100.0 | 100.0 |   0.7 |   4.8 |   7.6 | 254.1
               +-------+-------+-------+-------+-------+----------------------

Table legend:
 A = Kills in this place as a percentage of kills in entire the game.
 B = Kills by you in this place as a percentage of kills by you in the entire game.
 C = Kills by friends in this place as a percentage of kills by friends in the entire game.
 D = Other kills in this place as a percentage of other kills in the entire game.
 E = Experience gained in this place as a percentage of experience gained in the entire game.
 F = Experience gained in this place divided by the number of levels of this place that you have seen.
                   A       B       C       D       E      F
               +-------+-------+-------+-------+-------+----------------------
         Total | 100.0 | 100.0 |  -nan |  -nan | 100.0 | 233.6
       Dungeon | 100.0 | 100.0 |  -nan |  -nan | 100.0 | 233.6
               +-------+-------+-------+-------+-------+----------------------
